 Dungeon Crawl Stone Soup version 0.27.1-33-g824d729ab1 (webtiles) character file.

Game seed: 11600255314962792230

24 Vannish the Chiller (level 2, 0/15 HPs)
             Began as a Deep Elf Ice Elementalist on Dec 10, 2021.
             Slain by Terence (6 damage)
             ... on level 2 of the Dungeon.
             The game lasted 00:40:07 (1738 turns).

Vannish the Chiller (Deep Elf Ice Elementalist)     Turns: 1738, Time: 00:40:11

Health: 0/15       AC:  7    Str:  5    XL:     2   Next: 79%
Magic:  3/8        EV:  6    Int: 19    God:
Gold:   48         SH:  0    Dex: 15    Spells: 6/7 levels left

rFire    . . .     SeeInvis .   b - +0 club
rCold    . . .     Faith    .   (no shield)
rNeg     + . .     Spirit   .   j - +0 scale mail
rPois    .         Reflect  .   (no helmet)
rElec    .         Harm     .   (no cloak)
rCorr    .         Rampage  .   (no gloves)
Will     .....                  h - +0 pair of boots
Stlth    +.........             (no amulet)
HPRegen  0.05/turn              e - ring of positive energy
MPRegen  0.11/turn              (no ring)

@: very slightly contaminated
A: no striking features
a: no special abilities


You were on level 2 of the Dungeon.
You visited 1 branch of the dungeon, and saw 2 of its levels.

You collected 48 gold pieces.

Inventory:

Hand Weapons
 b - a +0 club (weapon)
 c - a +0 whip
 f - a +0 short sword
Missiles
 i - 25 stones
 l - 12 arrows
Armour
 a - a +0 robe
 d - a +0 leather armour
 h - a +0 pair of boots (worn)
 j - a +0 scale mail (worn)
Jewellery
 e - a ring of positive energy (left hand)
Scrolls
 m - a scroll of noise {unknown}
Potions
 g - a potion of heal wounds {unknown}
 k - a potion of haste {unknown}


   Skills:
 + Level 1.1 Armour
 - Level 2.4 Dodging
 - Level 2.4 Stealth
 - Level 3.0 Spellcasting
 - Level 5.0 Ice Magic


You had 6 spell levels left.
You knew the following spells:

 Your Spells              Type           Power      Damage    Failure   Level
a - Freeze                Ice            88%        1d10      41%         1

Your spell library contained the following spells:

 Spells                   Type           Power      Damage    Failure   Level
 Frozen Ramparts          Ice            44%        1d6       80%         3
 Ozocubu's Armour         Ice            22%        N/A       80%         3
 Slow                     Hex            2%         N/A       99%         2
 Confusing Touch          Hex            2%         N/A       100%        3
 Vampiric Draining        Necr           1%         2d6       100%        3
 Hailstorm                Conj/Ice       12%        3d5       100%        4


Dungeon Overview and Level Annotations

Branches:
Dungeon (2/15)

Altars:

Annotations:
D:2 Terence


Message History

Terence hits you with a +2 vampiric hand axe.
Casting: Freeze (safe; 41% risk of failure)
Confirm with . or Enter, or press ? or * to list all spells.
Okay, then.
Unknown command.
Press: ? - help, v - describe, . - travel
Here: Terence, wielding a +2 vampiric hand axe, wearing a +0 chain mail and carrying a wand of digging (4)
The floor.
Casting: Freeze (safe; 41% risk of failure)
Confirm with . or Enter, or press ? or * to list all spells.
Aiming: Freeze (safe; 41% risk of failure)
Press: ? - help, Shift-Dir - straight line, f/p - Terence
Aim: Terence, wielding a +2 vampiric hand axe, wearing a +0 chain mail and carrying a wand of digging (4)
You freeze Terence.
Terence is moderately wounded.
Terence hits you but does no damage.
Casting: Freeze (safe; 41% risk of failure)
Confirm with . or Enter, or press ? or * to list all spells.
Aiming: Freeze (safe; 41% risk of failure)
Press: ? - help, Shift-Dir - straight line, f/p - Terence
Aim: Terence, wielding a +2 vampiric hand axe, wearing a +0 chain mail and carrying a wand of digging (4) (moderately wounded)
You freeze Terence!
Terence is severely wounded.
Terence hits you with a +2 vampiric hand axe.
Casting: Freeze (safe; 41% risk of failure)
Confirm with . or Enter, or press ? or * to list all spells.
Aiming: Freeze (safe; 41% risk of failure)
Press: ? - help, Shift-Dir - straight line, f/p - Terence
Aim: Terence, wielding a +2 vampiric hand axe, wearing a +0 chain mail and carrying a wand of digging (4) (severely wounded)
You miscast Freeze.
Nothing appears to happen.
Terence hits you but does no damage.
Casting: Freeze (safe; 41% risk of failure)
Confirm with . or Enter, or press ? or * to list all spells.
Aiming: Freeze (safe; 41% risk of failure)
Press: ? - help, Shift-Dir - straight line, f/p - Terence
Aim: Terence, wielding a +2 vampiric hand axe, wearing a +0 chain mail and carrying a wand of digging (4) (severely wounded)
You freeze Terence.
Terence is almost dead.
Terence hits you with a +2 vampiric hand axe.
You die...

## #..####.##
##########
#.....@@.####........#
#.#..##..............#
#........##........##
#...####..#..........
###.....<..........#.
#######.#...@......
#.#..........
#.#..........
#.#..........


You could see Terence.

Vanquished Creatures
  A dart slug (D:1)
  2 ball pythons (D:1)
  2 bats
  3 endoplasms
  2 goblins (D:1)
  2 hobgoblins (D:1)
  A quokka (D:1)
  A frilled lizard (D:1)
  3 kobolds (D:1)
  3 rats (D:1)
20 creatures vanquished.

Notes
Turn   | Place    | Note
-------+----------+-------------------------------------------
     0 | D:1      | Vannish the Deep Elf Ice Elementalist began the quest for
                  | the Orb.
     0 | D:1      | Reached XP level 1. HP: 10/10 MP: 6/6
   405 | D:1      | Reached XP level 2. HP: 15/15 MP: 6/8
   493 | D:1      | Reached skill level 5 in Ice Magic
  1406 | D:1      | Reached skill level 1 in Armour
  1647 | D:2      | Noticed Terence
  1738 | D:2      | Slain by Terence

Illustrated notes

Levels and vault maps discovered:
D:1:      dpeg_arrival_rooms_a, layout_loops_corners
D:2:      layout_rooms, hellmonk_ecumenical_altar_watching_god, uniq_terence

Skill      XL: |  1  2 |
---------------+-------+-----
Ice Magic      | 5 |  5.0
Armour         | 1 |  1.1
Dodging        | |  2.4
Stealth        | |  2.4
Spellcasting   | |  3.0

Action                   || total
-------------------------++-------
Melee: Unarmed           ||     9
 Cast: Freeze            ||    28
Armor: Robe              ||     2
       Scale mail        ||     6
       Leather armour    ||     1
Dodge: Dodged            ||     9
